 Dungeon Crawl Stone Soup version 0.27-a0-1202-ge72e491 (webtiles) character file.

Game seed: 2515518751701942060

74024 Hienro the Carver (level 15, -24/99 HPs)
             Began as a Djinni Fighter on June 4, 2021.
             Was the Champion of Nemelex Xobeh.
             Engulfed by Azrael the blizzard demon's freezing vapour (43 damage)
             ... on level 14 of the Dungeon.
             The game lasted 00:43:36 (24317 turns).

Hienro the Carver (Djinni Fighter)                 Turns: 24317, Time: 00:43:36

Health: -24/99     AC: 23    Str: 20    XL:     15   Next: 92%
Gold:   2193       EV: 14    Int: 12    God:    Nemelex Xobeh [******] SH: 12 Dex: 13

rFire    + + +     SeeInvis .   D - +2 scimitar (flame)
rCold    x . .     Faith    +   c - +0 kite shield
rNeg     . . .     Spirit   .   C - +2 plate armour of Cycuhes {rF+}
rPois    ∞         Reflect  .   s - +0 helmet
rElec    +         Harm     .   G - +0 cloak
rCorr    .         Rampage  .   E - +2 pair of gloves of Makhleb's Envy {rElec rPois Regen+}
Will     +....                  (boots unavailable)
Stlth    ..........             B - amulet of the Cricket {Faith rF+ Int+3}
HPRegen  1.26/turn              b - +4 ring of evasion
MPRegen  0.00/turn              j - +4 ring of evasion

@: flying
A: sickness immunity, fire resistance 2, cold vulnerability 1, float, innate
caster, hp casting, extra vitality 1, dopey 1, frail 1
a: Renounce Religion, Draw Escape, Draw Destruction, Draw Summoning, Triple
Draw, Deal Four, Stack Five


You were on level 14 of the Dungeon.
You worshipped Nemelex Xobeh.
Nemelex Xobeh was exalted by your worship.
You visited 2 branches of the dungeon, and saw 20 of its levels.
You also visited: Volcano.

You collected 3521 gold pieces.
You spent 1328 gold pieces at shops.

Inventory:

Hand Weapons
 o - the +6 rapier "Pugher" {venom, Dex+3}
   (You found it on level 11 of the Dungeon)

   It poisons the flesh of those it strikes.
   It affects your dexterity (+3).
 D - a +2 scimitar of flaming (weapon)
Missiles
 m - 5 curare-tipped darts (quivered)
Armour
 c - a +0 kite shield (worn)
 s - a +0 helmet (worn)
 C - the +2 plate armour of Cycuhes (worn) {rF+}
   (You found it on level 9 of the Dungeon)

   It protects you from fire.
 E - the +2 pair of gloves of Makhleb's Envy (worn) {rElec rPois Regen+}
   (You bought it in a shop on level 4 of the Dungeon)

   It insulates you from electricity.
   It protects you from poison.
   It increases your rate of health regeneration.
 G - a +0 cloak (worn)
Jewellery
 b - a +4 ring of evasion (left hand)
 j - a +4 ring of evasion (right hand)
 B - the amulet of the Cricket (around neck) {Faith rF+ Int+3}
   (You found it on level 6 of the Lair of Beasts)

   [amulet of faith]

   It allows you to gain divine favour quickly.
   It affects your intelligence (+3).
   It protects you from fire.
Wands
 a - a wand of polymorph (11)
 r - a wand of acid (14)
 t - a wand of iceblast (19)
 v - a wand of digging (4)
 w - a wand of paralysis (3)
 y - a wand of flame (62)
 z - a wand of charming (17)
Scrolls
 e - 12 scrolls of teleportation
 g - 2 scrolls of magic mapping
 k - 3 scrolls of silence
 l - a scroll of fear
 q - 8 scrolls of identify
 u - 9 scrolls of immolation
Potions
 d - 2 potions of might
 f - 5 potions of curing
 h - 4 potions of lignification
 n - a potion of resistance
 p - 4 potions of heal wounds
 A - 2 potions of cancellation
 F - a potion of brilliance
Miscellaneous
 i - a condenser vane (inert)
 x - a phantom mirror


   Skills:
 + Level 11.0 Fighting
 * Level 13.5 Long Blades
 + Level 11.1 Armour
 + Level 11.0 Shields
 + Level 10.5 Invocations
 + Level 8.9 Evocations


You couldn't memorise any spells.
You knew the following spells:

 Your Spells              Type           Power      Damage    Failure   Level
a - Apportation           Tloc           0%         N/A       100%        1
b - Call Imp              Summ           0%         N/A       100%        2
c - Stone Arrow           Conj/Erth      0%         3d7       100%        3
d - Ignite Poison         Fire/Tmut/Pois 0%         N/A       100%        3
e - Airstrike             Air            0%         N/A       100%        4
f - Manifold Assault      Tloc           0%         N/A       100%        5
g - Iron Shot             Conj/Erth      0%         9d1       100%        6
Your spell library was empty.


Dungeon Overview and Level Annotations

Branches:
Dungeon (14/15)            Temple (0/1) D:6            Lair (6/6) D:9
  Swamp (0/4) Lair:3       Spider (0/4) Lair:4        Slime (0/5) Lair:5
    Orc (0/2) D:10         Vaults (0/5) D:13        Volcano (visited)

Altars:
Ashenzari
Cheibriados
Elyvilon
Fedhas
Hepliaklqana
Nemelex Xobeh
Okawaru
Ru
Sif Muna
Yredelemnul

Shops:
D:4 ?[:   D:7 ?

Portals:
Bazaar: D:14

Annotations:
D:14 Azrael
Lair:6 exclusion: 3 oklob plants


Innate Abilities, Weirdness & Mutations

You are immune to sickness and miasma.
You are immune to poison.
Your flesh is very heat resistant. (rF++)
You are vulnerable to cold. (rC-)
You float through the air rather than walking.
You learn spells naturally, not from books.
Your magical power is your life essence.
You have superior vitality. (+4 HP)
You are dopey. (Int -2)
You are frail. (-10% HP)


Message History

The bolt of fire hits you. You resist.
You slice the efreet!!
You kill the efreet!
The hell hound returns to its original shape as it dies.
Unknown command.
You closely miss Azrael.
Azrael is moderately wounded.
Your shield and plate armour of Cycuhes prevent you from hitting Azrael.
Azrael is moderately wounded.
You block Azrael's attack. Azrael hits you!
You hit Azrael. You burn Azrael.
Azrael is heavily wounded.
Azrael gestures at you. The freezing blast engulfs you.
You feel a terrible chill!
You hit Azrael but do no damage.
Azrael is heavily wounded.
You are engulfed in freezing vapours.
Azrael is engulfed in freezing vapours.
Azrael closely misses you. Azrael hits you but does no damage.
You hit Azrael. You burn Azrael.
Azrael is heavily wounded.
You are engulfed in freezing vapours.
Azrael is engulfed in freezing vapours.
Azrael hits you but does no damage. Azrael barely misses you.
You hit Azrael. You burn Azrael.
Azrael is severely wounded.
You are engulfed in freezing vapours.
Unknown command.
You closely miss Azrael.
Azrael is severely wounded.
You are engulfed in freezing vapours.
* * * LOW HITPOINT WARNING * * *
Azrael is engulfed in freezing vapours.
Azrael gestures at you. The bolt of cold hits you!!
You feel a terrible chill!
* * * LOW HITPOINT WARNING * * *
You feel much better.
You are engulfed in freezing vapours.
* * * LOW HITPOINT WARNING * * *
Azrael hits you but does no damage. Azrael closely misses you.
You feel much better.
You are engulfed in freezing vapours.
You die...
Your body glows with a rainbow of weird colours and disappears.

#.###5##2.≈....
#...5E5≈≈5....P
#####°≈≈≈∩..P..
#.≈≈R≈≈≈.≈≈..P
#.##.≈≈≈≈≈≈...
#.##(###.##### #.##☼#
#.# #.#°.###°#
#..○°2@°○# #...######
####### #.###
#########...... #.#
#....)..+...... #.#
#.#######...... #.#
#.#...###.##### #.#
#.#.......# #.#
#.........#
#.#########.....#.#####


You could see Azrael the blizzard demon.

Vanquished Creatures
  Josephine (Lair:4)
  A fire dragon (Lair:6)
  6 boulder beetles
  4 vault guards (D:13)
  8 hydras
  2 centaur warriors
  4 two-headed ogres
  A tengu warrior (D:13)
  A hell knight (Volcano)
  A fire crab (Lair:6)
  A skeletal warrior (D:13)
  A wizard (D:9)
  A glowing orange brain (D:12)
  A deep elf pyromancer (Volcano)
  A shining eye (D:14)
  4 ugly things
  An oklob plant (Lair:6)
  An orc knight (Volcano)
  A wolf spider (Lair:4)
  3 cyclopes
  3 manticores
  Joseph (D:7)
  4 black mambas
  A large abomination (D:9)
  A smoke demon (D:14)
  3 elephants (Lair:6)
  3 gargoyles (Volcano)
  4 molten gargoyles
  An eye of devastation (D:12)
  5 cane toads
  An unseen horror (D:13)
  15 komodo dragons
  3 rime drakes
  2 efreet
  5 meliai
  A troll (D:10)
  2 polar bears
  A hornet (D:14)
  21 blink frogs
  3 dream sheep
  A shapeshifter (D:14)
  Sigmund (D:5)
  2 humans (D:12)
  7 wraiths
  6 wyverns
  A basilisk (shapeshifter) (D:14)
  34 yaks
  A vampire (D:11)
  7 basilisks
  A steam dragon (D:8)
  A hog (D:14)
  10 vampire mosquitoes
  Edmund (D:6)
  Duvessa (D:4)
  3 acid dragons
  3 hell hounds (Lair:6)
  17 water moccasins
  6 orc warriors
  10 ice beasts
  3 black bears
  A black bear (shapeshifter) (D:14)
  3 wolves (Lair:6)
  5 ogres
  A centaur (D:9)
  6 kobold brigands
  13 bullfrogs
  Dowan (D:4)
  2 gnoll sergeants (D:8)
  3 scorpions (D:5)
  4 small abominations (D:9)
  2 wyvern skeletons (D:7)
  2 water moccasin skeletons (D:5)
  5 killer bees
  4 electric eels
  2 howler monkeys
  A bullfrog zombie (D:7)
  5 lava snakes (Lair:6)
  5 centaur zombies
  A bullfrog skeleton (D:6)
  4 orc priests
  4 hounds
  A centaur skeleton (D:6)
  2 gnoll shamans
  8 iguanas
  Natasha (D:2)
  8 orc wizards
  A hound zombie (D:5)
  A howler monkey zombie (D:9)
  11 gnolls
  8 adders
  2 shadow imps (D:7)
  3 white imps
  An adder skeleton (D:5)
  A dart slug (D:2)
  26 orcs
  3 ball pythons
  4 endoplasms
  3 giant cockroaches
  12 goblins
  7 hobgoblins
  9 jackals
  17 kobolds
  3 quokkas
  5 bats
  3 frilled lizards
  2 rats
  A bush (Lair:4)
457 creatures vanquished.

Vanquished Creatures (collateral kills)
  Kirke (Lair:4)
  Agnes (D:14)
  3 hydras
  A two-headed ogre (D:8)
  A shock serpent (D:10)
  4 large abominations (D:9)
  An orc knight (D:10)
  An ugly thing (D:14)
  A cyclops (D:12)
  2 elephants (Lair:6)
  A black mamba (Lair:5)
  3 molten gargoyles
  2 gargoyles (Volcano)
  3 cane toads
  2 komodo dragons (Lair:6)
  2 trolls
  3 slime creatures (D:12)
  3 blink frogs (Lair:3)
  3 wyverns
  4 hogs (Lair:4)
  19 yaks
  A human (D:12)
  2 basilisks (Lair:6)
  A swamp worm (D:12)
  3 water moccasins
  A hell hound (D:14)
  A sky beast (D:7)
  2 orc warriors
  A centaur (D:6)
  A phantom (D:5)
  A wolf (Lair:6)
  An ogre (D:5)
  3 small abominations (D:9)
  2 bullfrogs
  A wyvern zombie (D:8)
  A scorpion (D:7)
  2 killer bees (D:8)
  A jelly (D:7)
  A bullfrog zombie (D:6)
  3 orc priests
  Natasha (twice) (D:2)
  6 orcs
98 creatures vanquished.

Vanquished Creatures (others)
  A cyclops (Volcano)
  A salamander (Volcano)
  A ynoxinul (D:14)
  A hell hound (Lair:6)
  A shadow imp (D:14)
  A butterfly (D:9)
  20 fungi
  38 plants
64 creatures vanquished.

Grand Total: 619 creatures vanquished

Notes
Turn   | Place    | Note
-------+----------+-------------------------------------------
     0 | D:1      | Hienro the Djinni Fighter began the quest for the Orb.
     0 | D:1      | Reached XP level 1. HP: 20/20 MP: 0/0
    56 | D:1      | Reached skill level 2 in Long Blades
    56 | D:1      | Reached XP level 2. HP: 18/25 MP: 0/0
   461 | D:1      | Reached XP level 3. HP: 24/30 MP: 0/0
   461 | D:1      | Learned a level 1 spell: Apportation
  1232 | D:2      | Found a faded altar of an unknown god.
  1247 | D:2      | Became a worshipper of Nemelex Xobeh the Trickster
  1247 | D:2      | Reached * piety under Nemelex Xobeh
  1247 | D:2      | Received a gift from Nemelex Xobeh
  1267 | D:2      | Noticed Natasha
  1271 | D:2      | Killed Natasha
  1272 | D:2      | Reached XP level 4. HP: 35/35 MP: 0/0
  1394 | D:2      | Noticed Natasha
  1400 | D:2      | Killed Natasha
  1517 | D:2      | Noticed Natasha
  1519 | D:2      | Killed Natasha
  1520 | D:2      | Reached skill level 3 in Long Blades
  1520 | D:2      | Reached XP level 5. HP: 40/40 MP: 0/0
  1520 | D:2      | Learned a level 2 spell: Call Imp
  1970 | D:2      | Reached skill level 1 in Invocations
  2333 | D:3      | Found a blossoming altar of Fedhas.
  2338 | D:3      | Reached ** piety under Nemelex Xobeh
  2392 | D:3      | Reached XP level 6. HP: 47/47 MP: 0/0
  2530 | D:3      | Received a gift from Nemelex Xobeh
  2834 | D:4      | Found a snail-covered altar of Cheibriados.
  3253 | D:4      | Found Xeototi's Armour Shoppe.
  3296 | D:4      | Found Budoyqump's Book Boutique.
  3298 | D:4      | Noticed an ogre
  3300 | D:4      | Killed an ogre
  3334 | D:4      | Found Guixtoc's Magic Scroll Boutique.
  3337 | D:4      | Bought a scroll of teleportation for 39 gold pieces
  3337 | D:4      | Bought a scroll of teleportation for 39 gold pieces
  3337 | D:4      | Bought a scroll of teleportation for 39 gold pieces
  3337 | D:4      | Bought a scroll of teleportation for 39 gold pieces
  3399 | D:4      | Noticed Duvessa
  3399 | D:4      | Noticed Dowan
  3401 | D:4      | Killed Duvessa
  3402 | D:4      | Reached skill level 4 in Long Blades
  3402 | D:4      | Reached XP level 7. HP: 52/52 MP: 0/0
  3402 | D:4      | Learned a level 3 spell: Stone Arrow
  3415 | D:4      | Killed Dowan
  3490 | D:5      | Entered Level 5 of the Dungeon
  3490 | D:5      | Received a gift from Nemelex Xobeh
  3730 | D:5      | Found a sparkling altar of Nemelex Xobeh.
  4011 | D:5      | Reached XP level 8. HP: 55/58 MP: 0/0
  4134 | D:5      | Reached *** piety under Nemelex Xobeh
  4209 | D:5      | Reached skill level 5 in Long Blades
  4480 | D:5      | Reached skill level 5 in Fighting
  4480 | D:5      | Reached skill level 5 in Armour
  4480 | D:5      | Reached skill level 5 in Shields
  4573 | D:5      | Noticed Sigmund
  4581 | D:5      | Reached XP level 9. HP: 43/65 MP: 0/0
  4581 | D:5      | Learned a level 3 spell: Ignite Poison
  4637 | D:5      | Killed Sigmund
  4638 | D:5      | Reached skill level 6 in Long Blades
  5131 | D:5      | Received a gift from Nemelex Xobeh
  5673 | D:6      | Received a gift from Nemelex Xobeh
  5795 | D:6      | Identified the -2 hand axe "Nouphau" {antimagic, *Slow
                  | rElec rPois Str+4}
  5799 | D:6      | Noticed Edmund
  5811 | D:6      | Killed Edmund
  6089 | D:6      | Found a staircase to the Ecumenical Temple.
  6754 | D:6      | Received a gift from Nemelex Xobeh
  7215 | D:7      | Noticed Joseph
  7220 | D:7      | Killed Joseph
  7221 | D:7      | Reached skill level 7 in Long Blades
  7221 | D:7      | Reached XP level 10. HP: 47/72 MP: 0/0
  7440 | D:7      | Reached skill level 5 in Invocations
  7495 | D:7      | Reached **** piety under Nemelex Xobeh
  7610 | D:7      | Found a basalt altar of Yredelemnul.
  7709 | D:7      | Received a gift from Nemelex Xobeh
  7926 | D:7      | Found Liet's Magic Scroll Shoppe.
  8021 | D:7      | Bought a scroll of teleportation for 39 gold pieces
  8265 | D:8      | Identified the -1 trident of Fiuc {drain, rElec rPois SInv}
  8600 | D:8      | Noticed Maggie
  8619 | D:8      | Noticed Maggie
  8619 | D:8      | Maggie changed into Maggie the water moccasin
  8630 | D:8      | Killed Maggie the water moccasin
  9485 | D:8      | Received a gift from Nemelex Xobeh
  9500 | D:8      | Noticed a two-headed ogre
  9512 | D:8      | Killed a two-headed ogre
  9513 | D:8      | Reached skill level 8 in Long Blades
  9513 | D:8      | Reached skill level 1 in Evocations
  9981 | D:8      | Found a faded altar of an unknown god.
  9994 | D:8      | Found a hazy altar of Hepliaklqana.
 10178 | D:9      | Found a staircase to the Lair.
 10247 | D:9      | Found a white marble altar of Elyvilon.
 10276 | D:9      | Received a gift from Nemelex Xobeh
 10390 | D:9      | Identified the +2 plate armour of Cycuhes {rF+}
 10656 | D:9      | Noticed a wizard
 10662 | D:9      | Killed a wizard
 10669 | D:9      | Noticed a large abomination
 10669 | D:9      | Noticed a large abomination
 10669 | D:9      | Noticed a large abomination
 10700 | D:9      | Reached XP level 11. HP: 61/79 MP: 0/0
 10700 | D:9      | Learned a level 4 spell: Airstrike
 10712 | D:9      | Killed a large abomination
 10780 | D:9      | Killed a large abomination
 10920 | D:9      | Killed a large abomination
 11042 | D:9      | Found an iron altar of Okawaru.
 11106 | D:9      | Received a gift from Nemelex Xobeh
 11275 | D:9      | Noticed a large abomination
 11282 | D:9      | Killed a large abomination
 11283 | D:9      | Reached skill level 9 in Long Blades
 11562 | D:4      | Bought the +2 pair of gloves of Makhleb's Envy {rElec rPois
                  | Regen+} for 457 gold pieces
 11700 | Lair:1   | Entered Level 1 of the Lair of Beasts
 11882 | Lair:1   | Reached ***** piety under Nemelex Xobeh
 12114 | Lair:1   | Noticed a six-headed hydra
 12140 | Lair:1   | Killed a six-headed hydra
 12296 | Lair:1   | You are sucked into a shaft and drop 1 floor!
 12329 | Lair:2   | Reached XP level 12. HP: 86/86 MP: 0/0
 12437 | Lair:1   | Received a gift from Nemelex Xobeh
 12656 | Lair:2   | Noticed a six-headed hydra
 12663 | Lair:2   | Killed a six-headed hydra
 12858 | Lair:2   | Found the +4 moon troll leather armour {Spirit, Regen++
                  | MP+5}
 13060 | Lair:2   | Reached skill level 10 in Long Blades
 13468 | Lair:2   | Identified the Disquisition on Sinister Curses
 14118 | Lair:3   | Found a broken altar of Ashenzari.
 14131 | Lair:3   | Received a gift from Nemelex Xobeh
 14363 | Lair:3   | Noticed an eight-headed hydra
 14369 | Lair:3   | Killed an eight-headed hydra
 14370 | Lair:3   | Reached skill level 5 in Evocations
 14476 | Lair:3   | Noticed a six-headed hydra
 14481 | Lair:3   | Killed a six-headed hydra
 14704 | Lair:3   | Found a staircase to the Swamp.
 14830 | Lair:3   | You are sucked into a shaft and drop 2 floors!
 14830 | Lair:5   | Received a gift from Nemelex Xobeh
 15031 | Lair:4   | Reached XP level 13. HP: 93/93 MP: 0/0
 15031 | Lair:4   | Learned a level 5 spell: Manifold Assault
 15052 | Lair:4   | Noticed Kirke
 15053 | Lair:4   | Noticed a sphinx
 15068 | Lair:4   | Killed Kirke
 15102 | Lair:4   | Found a hole to the Spider Nest.
 15214 | Lair:4   | Reached skill level 11 in Long Blades
 15314 | Lair:4   | Noticed Josephine
 15320 | Lair:4   | Received a gift from Nemelex Xobeh
 15323 | Lair:4   | Killed Josephine
 15497 | Lair:4   | Found a dark tunnel.
 15502 | Volcano  | Entered a volcano
 15672 | Volcano  | Noticed an orb of fire
 15681 | Volcano  | Noticed an orb of fire
 15720 | Volcano  | Identified the +0 trident "Maedoid" {antimagic, rPois}
 16142 | Lair:3   | Received a gift from Nemelex Xobeh
 16764 | D:10     | Entered Level 10 of the Dungeon
 16977 | D:10     | Received a gift from Nemelex Xobeh
 16996 | D:10     | Identified a scroll of acquirement
 16996 | D:10     | Acquired 686 gold pieces
 17004 | D:10     | Reached ****** piety under Nemelex Xobeh
 17083 | D:10     | Found a staircase to the Orcish Mines.
 17161 | D:10     | Reached XP level 14. HP: 98/101 MP: 0/0
 17297 | D:10     | Found a sacrificial altar of Ru.
 17354 | D:10     | Received a gift from Nemelex Xobeh
 17840 | D:10     | Gained mutation: You are dopey. (Int -2) [potion of
                  | mutation]
 17840 | D:10     | Gained mutation: You are frail. (-10% HP) [potion of
                  | mutation]
 18170 | D:11     | Reached skill level 12 in Long Blades
 18262 | D:11     | Identified the +6 rapier "Pugher" {venom, Dex+3}
 18328 | D:11     | Received a gift from Nemelex Xobeh
 18521 | D:11     | Received a gift from Nemelex Xobeh
 18806 | D:7      | Bought a scroll of acquirement for 676 gold pieces
 18806 | D:7      | Acquired 898 gold pieces
 19335 | Lair:5   | Received a gift from Nemelex Xobeh
 19345 | Lair:5   | Found a staircase to the Slime Pits.
 19457 | Lair:5   | Reached skill level 10 in Armour
 19574 | Lair:5   | Reached skill level 10 in Fighting
 20050 | Lair:6   | Entered Level 6 of the Lair of Beasts
 20085 | Lair:5   | Reached skill level 10 in Shields
 20295 | Lair:6   | Received a gift from Nemelex Xobeh
 20463 | Lair:6   | Found a large runed translucent door.
 20464 | Lair:6   | Found a large runed translucent door.
 20505 | Lair:6   | Received a gift from Nemelex Xobeh
 21006 | Lair:6   | Reached XP level 15. HP: 89/98 MP: 0/0
 21006 | Lair:6   | Learned a level 6 spell: Iron Shot
 21535 | Lair:6   | Identified the amulet of the Cricket {Faith rF+ Int+3}
 22012 | D:12     | Received a gift from Nemelex Xobeh
 22111 | D:12     | Found an iron altar of Okawaru.
 22294 | D:12     | Reached skill level 10 in Invocations
 22354 | D:12     | Noticed Snorg
 22356 | D:12     | Noticed Snorg
 22356 | D:12     | Snorg changed into Snorg the human
 22366 | D:12     | Killed Snorg the human
 22863 | D:13     | Reached skill level 13 in Long Blades
 22933 | D:13     | Found a gate to the Vaults.
 23189 | D:13     | Received a gift from Nemelex Xobeh
 23485 | D:13     | You are sucked into a shaft and drop 1 floor!
 23719 | D:14     | Received a gift from Nemelex Xobeh
 23902 | D:14     | Noticed Azrael
 23904 | D:14     | Noticed Azrael
 23904 | D:14     | Azrael changed into Azrael the blizzard demon
 23909 | D:14     | Noticed Agnes
 23912 | D:14     | Identified the +1 trident "Jinok" {drain, *Noise rElec
                  | rPois Will+}
 23921 | D:14     | Killed Agnes
 24266 | D:14     | Found a flickering gateway to a bazaar.
 24316 | D:14     | HP: 1/99 [Azrael the blizzard demon] (27)]
 24317 | D:14     | Engulfed by Azrael the blizzard demon's freezing vapour

Illustrated notes

Levels and vault maps discovered:
D:1:      evilmike_arrival_hilbert_curve, layout_rooms, minmay_ruptured
D:2:      layout_basic, ebering_ecumenical_altar_mist, hangedman_decor_growths,
          uniq_natasha
D:3:      layout_basic, fedhas_altar_fruit_tree, chequers_serial_rivers_marsh
D:4:      layout_rooms, cheibriados_altar_1, serial_shops,
          kennysheep_little_box, kennysheep_mini, nicolae_shop_crystal,
          uniq_duvessa
D:5:      minmay_opposing_rooms, layout_loops_corners,
          nemelex_xobeh_ov_fountains_minmay, tgw_sif, minmay_door_square,
          st_stairs_13, uniq_sigmund
D:6:      layout_loops_cross, temple_hall, st_stairs_2, hangedman_glass_teeth,
          uniq_edmund
D:7:      layout_loops_ring, nicolae_overflow_crystal_walls,
          nrook_pool_corridor, kennysheep_windowed_goal, uniq_joseph
D:8:      layout_loops_cross, beargit_hepliaklqana_dungeon_heroes,
          grunt_ministairs_11, uniq_maggie
D:9:      layout_roguey, nicolae_elyvilon_peaceful_grove, lemuel_crystal_altar,
          dpeg_oklobed_lair, laboratory
D:10:     layout_irregular_city, nicolae_overflow_hidden_temple, erik_orc_3,
          st_stairs_13, minmay_bent
D:11:     layout_irregular_city, hangedman_ranch
D:12:     layout_irregular_city, okawaru_humans, uniq_snorg
D:13:     layout_gridville, lightli_vaults_fourway_checkpoint, serial_rivers,
          chequers_serial_rivers_room_b, chequers_serial_rivers_small_a,
          chequers_serial_rivers_small_3, chequers_serial_rivers_marsh,
          chequers_serial_rivers_micro_b, gauntlet_entry_generic,
          kennysheep_generic_room_11
D:14:     layout_basic, serial_shops, bzr_entry_lakeside,
          portal_ice_cave_entry_ice_beasts, serial_park_square3
          [serial_park_minivault_5x5_2], uniq_agnes, uniq_azrael
Lair:1:   layout_long_grid, serial_bayou_ford_a, st_stairs_5,
          serial_bayou_shore_a
Lair:2:   layout_cave_pods, grunt_forest_stairs_basic,
          chequers_serial_rivers_large_b, grunt_megastairs_4, lemuel_fruit_tree,
          lemuel_fruit_fields, serial_bayou_shore_b
Lair:3:   layout_layer_cave, swamp_mist_pool, basic_altar, st_stairs_10
Lair:4:   layout_cave_shapes, spider_nest_entry_rubble, enter_volcano_4,
          uniq_kirke, uniq_josephine
Lair:5:   layout_cave_pods, slime_dummy, infiniplex_staircase_pool
Lair:6:   cheibrodos_lair_end_hotspot, layout_regular_city,
          chequers_serial_rivers_small_3, serial_bayou_pond_b, st_stairs_10,
          minmay_lair_oklob_chamber

Skill      XL: |  1  2  3  4  5  6  7  8  9 10 11 12 13 14 15 |
---------------+----------------------------------------------+-----
Long Blades    | 2 3 4 5 7 8 9 10 11 12 13 | 13.5
Invocations    | 1 2 3 4 6 7 8 9 10 | 10.5
Fighting       | 4 5 6 7 8 9 10 11 | 11.0
Armour         | 4 5 6 7 8 9 10 11 | 11.1
Shields        | 4 5 6 7 8 9 10 11 | 11.0
Evocations     | 2 4 5 6 7 8 |  8.9

Action                   |  1- 3 |  4- 6 |  7- 9 | 10-12 | 13-15 || total
-------------------------+-------+-------+-------+-------+-------++-------
Melee: Long sword        |    86 |       |       |       |       ||    86
       Dagger            |    12 |   104 |       |       |       ||   116
       Rapier            |       |       |   281 |   367 |   563 ||  1211
       Scimitar          |       |       |       |   409 |   588 ||   997
       Unarmed           |       |       |       |       |     1 ||     1
Invok: Draw Summoning    |     1 |     1 |     6 |    17 |    24 ||    49
       Draw Destruction  |       |     8 |    12 |    24 |    51 ||    95
       Draw Escape       |       |       |       |     7 |     7 ||    14
Evoke: Wand              |       |       |       |     6 |       ||     6
       Condenser vane    |       |       |       |       |     1 ||     1
  Use: Scroll            |     2 |     5 |     7 |     8 |     4 ||    26
       Potion            |       |     1 |     4 |       |     5 ||    10
 Stab: Distracted        |       |       |       |     3 |     4 ||     7
       Paralysed         |       |       |       |     4 |       ||     4
       Petrified         |       |       |       |       |     2 ||     2
Armor: Scale mail        |    56 |    43 |   100 |       |       ||   199
       Plate armour      |       |       |    35 |   434 |   532 ||  1001
       Chain mail        |       |       |       |    25 |       ||    25
Dodge: Dodged            |    31 |    32 |    69 |   141 |   522 ||   795
Block: Kite shield       |    47 |    50 |   149 |   446 |   701 ||  1393
       Rpst.: Long sword |     5 |       |       |       |       ||     5
       Scimitar          |       |       |       |    23 |    55 ||    78

Table legend: (Time is in decaauts)
 A = Elapsed time spent in this place.
 B = Non-inter-level travel time spent in this place.
 C = Inter-level travel time spent in this place.
 D = Time resting spent in this place.
 E = Time spent auto-exploring this place.
 F = Levels seen in this place.
 G = Mean time per level.
                   A        B        C        D        E       F      G
               +--------+--------+--------+--------+--------+-----+--------+
         Total |  24450 |  22505 |   1945 |    124 |  17622 |  21 | 1164.3 |
       Dungeon |  16450 |  15241 |   1209 |    123 |  12285 |  14 | 1175.0 |
          Lair |   7534 |   6799 |    735 |      1 |   5090 |   6 | 1255.7 |
       Volcano |    464 |    464 |      0 |      0 |    247 |   1 |  464.0 |
               +--------+--------+--------+--------+--------+-----+--------+

Top non-repeatable levels by time:
     D:5: 2198 daAuts
     D:8: 1949 daAuts
     D:9: 1513 daAuts
  Lair:6: 1444 daAuts
     D:6: 1440 daAuts
     D:7: 1436 daAuts
  Lair:3: 1388 daAuts
  Lair:2: 1380 daAuts
  Lair:5: 1276 daAuts
     D:2: 1209 daAuts
    D:10: 1184 daAuts
  Lair:1: 1163 daAuts
     D:1: 1012 daAuts
  Lair:4: 881 daAuts
    D:12: 859 daAuts
